 Dungeon Crawl Stone Soup version 0.30-a0-354-g6b83867211 (webtiles) character file.

Game seed: 2478955649158728926

1313 snetch the Magician (level 7, -1/46 HPs)
             Began as a Djinni Fire Elementalist on Nov 7, 2022.
             Was a High Priest of Ru.
             Slain by an iguana (10 damage)
             ... on level 7 of the Dungeon.
             The game lasted 00:23:22 (4613 turns).

snetch the Magician (Djinni Fire Elementalist)      Turns: 4613, Time: 00:23:22

Health: -1/46      AC:  6    Str:  5    XL:     7   Next: 89%
Gold:   19         EV: 10    Int: 27    God:    Ru [*****.] SH:  0 Dex: 13

rFire   + + +      SeeInvis +    a - +6 rapier of Zuobem {vorpal, *Rage rF+ rCorr Int+2}
rCold   . . .      Faith    .    (shield unavailable)
rNeg    . . .      Spirit   .    u - +1 ring mail of the Fisher {Rampage rPois rC+ SInv}
rPois   ∞          Reflect  .    (no helmet)
rElec   .          Harm     .    (no cloak)
rCorr   +          Rampage  +    (no gloves)
Will    .....      Rage     20%  (boots unavailable)
Stlth   +.........               y - amulet of the acrobat
HPRegen 0.27/turn                (ring unavailable)
MPRegen 0.00/turn                r - +6 ring of intelligence

@: flying, very slightly contaminated
A: sickness immunity, fire resistance 2, weak 1, cold vulnerability 1, missing a
hand, inexperienced 1, float, innate caster, HP casting, extra vitality 1
a: Renounce Religion, Draw Out Power, Power Leap, Apocalypse


You were on level 7 of the Dungeon.
You worshipped Ru.
Ru was extremely pleased with you.
You visited 1 branch of the dungeon, and saw 7 of its levels.

You collected 256 gold pieces.
You spent 237 gold pieces at shops.

Inventory:

Hand Weapons
 a - the +6 rapier of Zuobem (weapon) {vorpal, *Rage rF+ rCorr Int+2}
   (You found it on level 4 of the Dungeon)

   It inflicts extra damage upon your enemies.
   Int:       It affects your intelligence (+2).
   rF:        It protects you from fire.
   *Rage:     It berserks you when you make melee attacks (+20% chance).
   rCorr:     It protects you from acid and corrosion.
 b - a +0 falchion
Missiles
 x - 5 curare-tipped darts
Armour
 p - a +0 scale mail
 q - the +11 chain mail "Cayzur" {Dex+5}
   (You found it on level 3 of the Dungeon)

   Dex:       It affects your dexterity (+5).
 u - the +1 ring mail of the Fisher (worn) {Rampage rPois rC+ SInv}
   (You found it on level 3 of the Dungeon)

   rC:        It protects you from cold.
   rPois:     It protects you from poison.
   SInv:      It lets you see invisible.
   Rampage:   It bestows one free step when moving towards enemies.
 v - a +0 robe
Jewellery
 r - a +6 ring of intelligence (right hand)
 y - an amulet of the acrobat (around neck)
 z - a +6 ring of dexterity
Scrolls
 c - 2 scrolls of amnesia {unknown}
 d - a scroll of blinking {unknown}
 e - 2 scrolls of vulnerability {unknown}
 f - 2 scrolls of butterflies {unknown}
 h - 2 scrolls of enchant weapon {unknown}
 j - 2 scrolls of teleportation {unknown}
 k - 2 scrolls of identify {unknown}
 m - a scroll of brand weapon {unknown}
 n - a scroll of magic mapping {unknown}
 o - a scroll of summoning {unknown}
 t - 3 scrolls of fear {unknown}
 A - a scroll of poison {unknown}
Potions
 g - a potion of flight {unknown}
 i - 3 potions of magic {unknown}
 l - 3 potions of curing
 s - 2 potions of mutation {unknown}
 w - a potion of degeneration {unknown}
 B - 2 potions of heal wounds
 C - a potion of berserk rage


   Skills:
 + Level 0.7 Fighting
 + Level 0.9 Short Blades
 + Level 2.9 Armour
 + Level 4.1 Dodging
 + Level 2.7 Stealth
 + Level 7.0 Spellcasting


You had 2 spell levels left.
You knew the following spells:

 Your Spells              Type           Power      Damage    Failure   Level
a - Foxfire               Conj/Fire      100%       2x1d9     1%          1
b - Scorch                Fire           94%        2d9       2%          2
c - Kindle Blastsparks    Fire/Tloc/Air  94%        2d17      4%          3
d - Inner Flame           Hex/Fire       47%        N/A       4%          3
e - Flame Wave            Conj/Fire      47%        2d12      14%         4
f - Shock                 Conj/Air       100%       1d9       1%          1
g - Wereblood             Tmut           47%        N/A       2%          2
h - Poisonous Vapours     Pois/Air       94%        N/A       2%          2
Your spell library was empty.

Dungeon Overview and Level Annotations

Branches:
Dungeon (7/15)
 Temple: D:4-7

Altars:
Gozag
Ru

Shops:
D:1 *   D:6 !


Innate Abilities, Weirdness & Mutations

You are immune to sickness and miasma.
You are immune to poison.
Your flesh is very heat resistant. (rF++)
You are weak. (Str -2)
You are vulnerable to cold. (rC-)
You are missing a hand.
You are somewhat inexperienced. (-1 XL)
You float through the air rather than walking.
You learn spells naturally, not from books.
Your magical power is your life essence.
You have superior vitality. (+4 MHP)


Message History

(Press . to intensify the flame waves.)
You hear a bark!
Your Spellcasting skill increases to level 7!
A wave of flame ripples out!
The flame wave engulfs the orc!
You kill the orc!
The flame wave engulfs the orc!!
You kill the orc!
The flame wave engulfs the orc warrior.
The orc warrior is lightly wounded.
The orc warrior is no longer more vulnerable to fire.
The orc warrior closely misses you.
The orc priest casts a cantrip, but nothing happens.
A wave of flame ripples out!
The flame wave engulfs the orc warrior!
The orc warrior is severely wounded.
The flame wave engulfs the orc!
You kill the orc!
The flame wave engulfs the iguana!
The iguana is heavily wounded.
The flame wave engulfs the orc priest.
The orc priest is moderately wounded.
You finish channelling waves of flame.
You hear a bark!
The orc warrior barely misses you.
A hound comes into view.
Casting: Flame Wave (quite dangerous; 14% risk of failure)
Confirm with . or Enter, or press ? or * to list all spells.
Okay, then.
Casting: Flame Wave (quite dangerous; 14% risk of failure)
Confirm with . or Enter, or press ? or * to list all spells.
Aiming: Shock (safe; 1% risk of failure)
Press: ? - help, Shift-Dir - straight line, f - orc warrior
Aim: an orc warrior, wielding a +0 dire flail and wearing a +0 plate armour (severely wounded, 74% to hit)
The zap hits the orc warrior.
The orc warrior is severely wounded.
The zap hits the orc priest.
The orc priest is heavily wounded.
The orc warrior hits you with a +0 dire flail!
* * * LOW HITPOINT WARNING * * *
The iguana bites you!
You die...

#########
..##.....?.#
.....)l....#
.....oo@)..#
......)....#
..##.).....#
#.).....#
.h......(#
##.####...#
.. ..:# ..
...#


You could see an orc warrior, an iguana, a hound and an orc priest.

Vanquished Creatures
  A black bear (D:4)
  The ghost of runemasterragnar the Ruffian, an amateur DrTm (D:3)
  3 ogres
  A centaur (D:7)
  A phantom (D:5)
  A necrophage (D:5)
  A scorpion (D:6)
  4 quasits (D:3)
  A jelly (D:6)
  A hound (D:6)
  2 iguanas
  4 orc wizards
  Natasha (thrice) (D:3)
  3 gnolls (D:3)
  7 adders
  A shadow imp (D:5)
  A white imp (D:5)
  An ufetubus (D:5)
  A worm (D:3)
  2 dart slugs
  11 orcs
  9 ball pythons
  6 bats
  3 endoplasms
  3 giant cockroaches
  5 hobgoblins
  9 jackals
  3 kobolds
  2 quokkas
  4 frilled lizards
  5 goblins
  5 rats
105 creatures vanquished.

Vanquished Creatures (others)
  244 foxfires
  2 fungi (D:1)
  A withered plant (D:3)
247 creatures vanquished.

Grand Total: 352 creatures vanquished

Notes
Turn   | Place    | Note
-------+----------+-------------------------------------------
     0 | D:1      | snetch the Djinni Fire Elementalist began the quest for the
                  | Orb.
     0 | D:1      | snetch set off with the following spells memorised:
                  | Foxfire, Scorch, Kindle Blastsparks, Inner Flame, Flame
                  | Wave.
     0 | D:1      | Reached XP level 1. HP: 15/15 MP: 0/0
   134 | D:1      | Reached XP level 2. HP: 20/21 MP: 0/0
   251 | D:1      | Found a faded altar of an unknown god.
   269 | D:1      | Prayed at the altar of an unknown god.
   269 | D:1      | Became a worshipper of Ru the Awakened
   271 | D:1      | Gained mutation: You are missing a hand. [Ru sacrifice]
   271 | D:1      | Reached * piety under Ru
   271 | D:1      | Reached ** piety under Ru
   276 | D:1      | Found Boepaop's Assorted Antiques.
   285 | D:1      | Reached skill level 3 in Spellcasting
   309 | D:1      | Bought a scroll labelled EMEPPI KOAKKI for 29 gold pieces
   309 | D:1      | Bought a murky emerald potion for 26 gold pieces
   344 | D:1      | Reached XP level 3. HP: 20/25 MP: 0/0
   344 | D:1      | Learned a level 1 spell: Shock
  1027 | D:2      | Reached XP level 4. HP: 27/31 MP: 0/0
  1282 | D:2      | Found an opulent altar of Gozag.
  1627 | D:3      | Reached XP level 5. HP: 15/35 MP: 0/0
  1627 | D:3      | Learned a level 2 spell: Wereblood
  1633 | D:3      | Identified the +11 chain mail "Cayzur" {Dex+5}
  1826 | D:3      | Found a transporter.
  1828 | D:3      | Noticed runemasterragnar's ghost (amateur DrTm)
  1898 | D:4      | Gained mutation: You are somewhat inexperienced. (-1 XL)
                  | [Ru sacrifice]
  1898 | D:4      | Reached XP level 4. HP: 31/31 MP: 0/0
  1898 | D:4      | Reached *** piety under Ru
  1898 | D:4      | Reached **** piety under Ru
  1936 | D:3      | Noticed Natasha
  1940 | D:3      | Killed Natasha
  1944 | D:3      | Noticed Natasha
  1948 | D:3      | Killed Natasha
  1949 | D:3      | Reached skill level 4 in Spellcasting
  1997 | D:3      | Identified the +1 ring mail of the Fisher {Rampage rPois
                  | rC+ SInv}
  2048 | D:3      | Noticed Natasha
  2051 | D:3      | Killed Natasha
  2153 | D:3      | Found a transporter.
  2624 | D:4      | Reached XP level 5. HP: 34/35 MP: 0/0
  2642 | D:4      | Identified the +6 rapier of Zuobem {vorpal, *Rage rF+ rCorr
                  | Int+2}
  2663 | D:4      | Noticed a black bear
  2668 | D:4      | Killed a black bear
  2817 | D:5      | Entered Level 5 of the Dungeon
  2966 | D:4      | Reached skill level 5 in Spellcasting
  2966 | D:4      | Reached XP level 6. HP: 27/40 MP: 0/0
  3029 | D:4      | Reached skill level 1 in Armour
  3348 | D:3      | Killed runemasterragnar's ghost
  3489 | D:5      | Reached XP level 7. HP: 41/46 MP: 0/0
  3489 | D:5      | Learned a level 2 spell: Poisonous Vapours
  3710 | D:6      | Reached skill level 6 in Spellcasting
  4211 | D:5      | Gained mutation: You are weak. (Str -2) [Ru sacrifice]
  4211 | D:5      | Reached ***** piety under Ru
  4446 | D:6      | Found Canun's Distillery.
  4449 | D:6      | Bought a potion of curing for 42 gold pieces
  4449 | D:6      | Bought a potion of heal wounds for 70 gold pieces
  4449 | D:6      | Bought a potion of berserk rage for 70 gold pieces
  4611 | D:7      | Reached skill level 7 in Spellcasting
  4613 | D:7      | Slain by an iguana

Illustrated notes

Levels and vault maps discovered:
D:1:      matt_arrival_spirals, layout_loops_ring, serial_shops, shop,
          dreamdust_ecumenical_altar_grove
D:2:      layout_basic, basic_altar
D:3:      layout_basic, kiku_gazebo_garden_becter, gammafunk_ghost_stat_death,
          uniq_natasha
D:4:      layout_basic
D:5:      layout_gridville
D:6:      layout_loops_ring, minmay_temple_entry_gardened_gates, serial_undead,
          serial_undead_a, serial_undead_a, serial_undead_b, serial_undead_d,
          serial_shops, nicolae_shop_behind_doors, minmay_misc_feat_doors,
          uniq_menkaure
D:7:      layout_gridville, old_standard_altar

Skill      XL: |  1  2  3  4  5  6  7 |
---------------+----------------------+-----
Spellcasting   | 3 4 5 7 |  7.0
Stealth        | 2 |  2.7
Dodging        | 3 4 |  4.1
Armour         | 1 2 |  2.9
Fighting       | |  0.7
Short Blades   | |  0.9

Action                   |  1- 3 |  4- 6 |  7- 9 || total
-------------------------+-------+-------+-------++-------
Melee: Unarmed           |     1 |       |       ||     1
       Falchion          |       |     2 |       ||     2
       Rapier            |       |     2 |     2 ||     4
 Cast: Foxfire           |    49 |    81 |    10 ||   140
       Scorch            |     2 |    22 |    21 ||    45
       Shock             |     1 |     2 |     1 ||     4
       Flame Wave        |       |     2 |     2 ||     4
       Poisonous Vapours |       |       |     3 ||     3
       Kindle Blastspark |       |       |     1 ||     1
Invok: Sacrifice a Hand  |     1 |       |       ||     1
       Sacrifice Experie |       |     1 |       ||     1
       Sacrifice Purity  |       |       |     1 ||     1
Armor: Robe              |     1 |     1 |       ||     2
       Ring mail         |       |    21 |     2 ||    23
Dodge: Dodged            |    12 |    43 |     5 ||    60

Table legend: (Time is in decaauts)
 A = Elapsed time spent in this place.
 B = Non-inter-level travel time spent in this place.
 C = Inter-level travel time spent in this place.
 D = Time resting spent in this place.
 E = Time spent auto-exploring this place.
 F = Levels seen in this place.
 G = Mean time per level.
                   A        B        C        D        E       F      G
               +--------+--------+--------+--------+--------+-----+--------+
         Total |   4618 |   4264 |    354 |     35 |   3244 |   7 |  659.7 |
       Dungeon |   4618 |   4264 |    354 |     35 |   3244 |   7 |  659.7 |
               +--------+--------+--------+--------+--------+-----+--------+

Top non-repeatable levels by time:
     D:3: 1122 daAuts
     D:1: 928 daAuts
     D:5: 848 daAuts
     D:4: 827 daAuts
     D:2: 643 daAuts
     D:6: 236 daAuts
     D:7: 12 daAuts
